 Dungeon Crawl Stone Soup version 0.18-a0-1624-g19ad93e (webtiles) character file.

19 Oddball22 the Caller (level 2, 0/15 HPs)
             Began as a Deep Elf Summoner on Mar 24, 2016.
             Slain by a kobold
             ... wielding a +0 short sword
              (7 damage)
             ... on level 2 of the Dungeon.
             The game lasted 00:02:58 (1488 turns).

Oddball22 the Caller (Deep Elf Summoner)            Turns: 1488, Time: 00:02:58

Health: 0/15       AC:  2    Str:  5    XL:     2   Next: 55%
Magic:  6/8        EV: 13    Int: 19    God:
Gold:   28         SH:  0    Dex: 15    Spells: 2 memorised, 4 levels left

rFire  . . .     SeeInvis .     (no weapon)
rCold  . . .     Gourm    .     a - +0 robe
rNeg   . . .     Faith    .     (no shield)
rPois  .         Spirit   .     (no helmet)
rElec  .         Dismiss  .     (no cloak)
rCorr  .         Reflect  .     (no gloves)
SustAt .         Harm     .     (no boots)
MR     .....                    (no amulet)
Stlth  ++........               (no ring)
                                (no ring)

@: not resistant to hostile enchantments, unstealthy
A: no striking features
a: no special abilities


You were on level 2 of the Dungeon.
You were not hungry.

You visited 1 branch of the dungeon, and saw 2 of its levels.

You collected 28 gold pieces.

Inventory:

Armour
 a - a +0 robe (worn)
Wands
 k - a wand of random effects (13/48)
Scrolls
 e - 2 scrolls of random uselessness {unknown}
 f - 2 scrolls of identify {unknown}
 g - a scroll of recharging {unknown}
 i - a scroll of fear {unknown}
Potions
 h - a potion of curing {unknown}
 j - a potion of haste {unknown}
Books
 b - a book of Callings

   Spells                             Type                      Level
   a - Summon Small Mammal            Summoning                    1
   b - Call Imp                       Summoning                    2
   c - Call Canine Familiar           Summoning                    3
   d - Summon Guardian Golem          Hexes/Summoning              3
   e - Summon Lightning Spire         Summoning/Air                4
   f - Summon Ice Beast               Ice/Summoning                4
Comestibles
 c - a bread ration
 d - 3 meat rations
 m - a royal jelly


   Skills:
 + Level 2.8 Dodging
 - Level 2.4 Stealth
 + Level 3.4 Spellcasting
 * Level 4.8 Summonings


You had 4 spell levels left.
You knew the following spells:

 Your Spells              Type           Power        Failure   Level  Hunger
a - Summon Small Mammal   Summ           ###.         1%          1    None
b - Call Imp              Summ           ###.....     3%          2    ##.....


Dungeon Overview and Level Annotations

Branches:
Dungeon (2/15)

Altars:
Qazlal


Message History

You closely miss the kobold.
Your bat closely misses the kobold.
The kobold closely misses you.
You miss the kobold. Your bat hits the kobold. The kobold misses you.
You closely miss the kobold.
The kobold is moderately wounded.
The kobold closely misses you.
You miss the kobold.
The kobold is moderately wounded.
The kobold barely misses you.
You closely miss the kobold.
The kobold is moderately wounded.
The kobold misses you.
You closely miss the kobold. The kobold barely misses you.
You barely miss the kobold. The kobold barely misses you.
All of the chunks of flesh in your inventory have rotted away.
Casting: Summon Small Mammal
Confirm with . or Enter, or press ? or * to list all spells.
A beastly little devil appears in a puff of frigid air.
The kobold hits you with a short sword!
You die...

..............
#.............
##.............
#....#.........
#....#.........
##....#.........
###..#..#...(.....
#.##.5..#......#.....
#...@##.#....#.......
##.K#b...........#...
#...................
..................##.
##...............(.###
........>..........##
....................##
.##...
...............#
............#..#


You could see a kobold, a friendly white imp and a friendly bat.

Vanquished Creatures
  A goblin (D:1)
  3 rats (D:1)
4 creatures vanquished.

Vanquished Creatures (collateral kills)
  A bat (D:1)
  A giant cockroach (D:1)
  3 goblins (D:1)
  6 hobgoblins
  3 jackals (D:2)
  4 kobolds
  3 giant newts
  2 rats (D:1)
23 creatures vanquished.

Grand Total: 27 creatures vanquished

Notes
Turn   | Place    | Note
--------------------------------------------------------------
     0 | D:1      | Oddball22 the Deep Elf Summoner began the quest for the Orb.
     0 | D:1      | Reached XP level 1. HP: 10/10 MP: 6/6
   631 | D:1      | Reached XP level 2. HP: 1/15 MP: 2/8
  1246 | D:2      | Learned a level 2 spell: Call Imp
  1398 | D:2      | Found a stormy altar of Qazlal.
  1488 | D:2      | Slain by a kobold

Vault maps used:
D:1:      zaba_arrival_water
D:2:      old_standard_altar, lemuel_doored_altar, kennysheep_small_spiral,
          uniq_robin

Action                   || total
-------------------------++-------
Melee: Unarmed           ||    66
 Cast: Summon Small Mamm ||    21
       Call Imp          ||     5
 Stab: Sleeping          ||     2
  Eat: Chunk             ||     2
